 Dungeon Crawl Stone Soup version 0.28-a0-1159-g27aa881441 (webtiles) character file.

Game seed: 9359582986082614831

68 mainiacjoe the Stinger (level 4, -5/27 HPs)
             Began as an Octopode Venom Mage on Dec 16, 2021.
             Slain by a phantom (10 damage)
             ... on level 3 of the Dungeon.
             The game lasted 00:08:03 (2795 turns).

mainiacjoe the Stinger (Octopode Venom Mage)        Turns: 2795, Time: 00:08:04

Health: -5/27      AC:  1    Str:  7    XL:     4   Next: 19%
Magic:  7/7        EV: 13    Int: 19    God:
Gold:   82         SH:  4    Dex: 18    Spells: 1/7 levels left

rFire   . . .      SeeInvis .   a - +1 dagger
rCold   . . .      Faith    .   j - +0 buckler
rNeg    . . .      Spirit   .   (helmet restricted)
rPois   .          Reflect  .   (no amulet)
rElec   .          Harm     .   m - +6 ring of dexterity
rCorr   .          Rampage  .   (no ring)
Will    .....                   (no ring)
Stlth   ++++......              (no ring)
HPRegen 0.09/turn               (no ring)
MPRegen 0.10/turn               (no ring)
                                (no ring)
                                (no ring)

@: no status effects
A: almost no armour, amphibious, 8 rings, camouflage 1, gelatinous body 1,
(nimble swimmer 1), tentacles
a: no special abilities


You were on level 3 of the Dungeon.
You visited 1 branch of the dungeon, and saw 3 of its levels.

You collected 82 gold pieces.

Inventory:

Hand Weapons
 a - a +1 dagger (weapon)
 c - a +0 short sword
 f - a +0 falchion
Missiles
 b - 63 stones (quivered)
 d - 44 arrows
 e - 28 bolts
 k - 11 poisoned darts
Armour
 j - a +0 buckler (worn)
Magical Staves
 i - a staff of fire
Jewellery
 m - a +6 ring of dexterity (left tentacle)
Scrolls
 g - a scroll of enchant weapon
Potions
 h - 2 potions of ambrosia {unknown}
 l - a potion of berserk rage {unknown}
 n - 2 potions of heal wounds {unknown}


   Skills:
 - Level 2.6 Dodging
 - Level 3.8 Stealth
 + Level 1.1 Shields
 - Level 2.0 Spellcasting
 - Level 1.0 Transmutations
 - Level 1.0 Air Magic
 + Level 4.3 Poison Magic


You had one spell level left.
You knew the following spells:

 Your Spells              Type           Power      Damage    Failure   Level
a - Sting                 Tmut/Pois      48%        1d5       9%          1
b - Poisonous Vapours     Pois/Air       24%        N/A       12%         2
c - Mephitic Cloud        Conj/Pois/Air  8%         N/A       34%         3

Your spell library contained the following spells:

 Spells                   Type           Power      Damage    Failure   Level
 Corpse Rot               Necr/Air       6%         N/A       30%         2
 Olgreb's Toxic Radiance  Pois           18%        N/A       38%         4


Dungeon Overview and Level Annotations

Branches:
Dungeon (3/15)

Altars:
Okawaru


Innate Abilities, Weirdness & Mutations

You cannot wear most types of armour.
You are amphibious.
You can wear up to eight rings at the same time.
Your skin changes colour to match your surroundings (Stealth+).
Your rubbery body absorbs attacks. (AC +1, EV +1)
((You are camouflaged near water. (Stealth+)))
You have tentacles for arms and can constrict up to eight enemies at once.


Message History

You hit the phantom. Your squeeze misses the phantom.
The phantom is lightly damaged.
The phantom barely misses you. The phantom closely misses you.
You hit the phantom but do no damage.
The phantom is lightly damaged.
The phantom hits you.
The phantom blinks!
You blink.
There is a stone staircase leading up here.
The phantom hits you.
The phantom blinks!
You blink.
You stop ascending the stairs.
A phantom is nearby!
You closely miss the phantom.
The phantom is lightly damaged.
The phantom hits you.
You barely miss the phantom. Your squeeze misses the phantom.
The phantom is lightly damaged.
The phantom hits you!
* * * LOW HITPOINT WARNING * * *
You barely miss the phantom. The phantom misses you.
You hit the phantom. You squeeze the phantom.
The phantom is moderately damaged.
The phantom barely misses you.
You miss the phantom.
The phantom is moderately damaged.
The phantom barely misses you.
You barely miss the phantom.
The phantom is moderately damaged.
The phantom closely misses you.
You hit the phantom.
The phantom is moderately damaged.
The phantom misses you.
You closely miss the phantom.
The phantom is moderately damaged.
The phantom misses you.
You hit the phantom but do no damage. Your squeeze misses the phantom.
The phantom is moderately damaged.
You block the phantom's attack.
You closely miss the phantom. You squeeze the phantom.
The phantom is heavily damaged.
The phantom hits you!
You die...

#.................'...'.......
###.###..#.#..#.###...######.#
#.#.........#.# #...###
#.#.#..#....#.# #.....#
#.#.#..#....#.# #.....####.#
#.#[#.....###.###.....#..#.# .
#.#.#....<.....####...#..#.#..
#.#.#..(.....W.####........#..
#.#>.......@.+..........)...
#.#.#####....#######........
#.# #................... #.#
#....##..####......# #.#
#....##...###...###♣ #.#
#.#+###♣♣♣.♣♣....... ... #..
♣...♣...♣...♣P ..... .♣
♣....♣........... ......#.♣
♣...............#


You could see a phantom.

Vanquished Creatures
  An adder (D:2)
  4 dart slugs
  2 ball pythons
  5 bats
  6 endoplasms
  2 giant cockroaches
  A goblin (D:1)
  7 hobgoblins
  6 jackals (D:2)
  2 quokkas (D:1)
  4 frilled lizards
  3 kobolds
  4 rats
47 creatures vanquished.

Vanquished Creatures (others)
  2 plants (D:3)
2 creatures vanquished.

Grand Total: 49 creatures vanquished

Notes
Turn   | Place    | Note
-------+----------+-------------------------------------------
     0 | D:1      | mainiacjoe the Octopode Venom Mage began the quest for the
                  | Orb.
     0 | D:1      | Reached XP level 1. HP: 11/11 MP: 3/3
   269 | D:1      | Reached skill level 4 in Poison Magic
   269 | D:1      | Reached XP level 2. HP: 15/17 MP: 0/5
   272 | D:1      | Learned a level 2 spell: Poisonous Vapours
   991 | D:1      | Reached XP level 3. HP: 21/21 MP: 3/6
  1050 | D:1      | Found a faded altar of an unknown god.
  1284 | D:1      | Learned a level 3 spell: Mephitic Cloud
  1339 | D:2      | Reached skill level 1 in Air Magic
  2135 | D:2      | Reached XP level 4. HP: 24/27 MP: 4/7
  2310 | D:2      | Found an iron altar of Okawaru.
  2339 | D:2      | Reached skill level 1 in Shields
  2762 | D:3      | Noticed a phantom
  2795 | D:3      | Slain by a phantom

Illustrated notes

Levels and vault maps discovered:
D:1:      lightli_arrival_boilingwater, layout_basic,
          ebering_ecumenical_altar_abandoned
D:2:      layout_loops_ring, basic_altar, minivault_27
D:3:      wad_woods_settlement, layout_basic

Skill      XL: |  1  2  3  4 |
---------------+-------------+-----
Stealth        | 3 |  3.8
Poison Magic   | 4 |  4.3
Air Magic      | 1 |  1.0
Shields        | 1 |  1.1
Dodging        | |  2.6
Spellcasting   | |  2.0
Transmutations | |  1.0

Action                   |  1- 3 |  4- 6 || total
-------------------------+-------+-------++-------
Melee: Short sword       |     4 |       ||     4
       Constrict         |    17 |     4 ||    21
       Dagger            |    37 |    30 ||    67
       Tentacles         |     5 |     3 ||     8
Throw: Stone             |    45 |    33 ||    78
 Cast: Sting             |    28 |     3 ||    31
       Poisonous Vapours |    18 |     2 ||    20
  Use: Scroll            |     1 |       ||     1
Armor: Skin              |     9 |       ||     9
Dodge: Dodged            |    27 |    18 ||    45
Block: Buckler           |     1 |     1 ||     2

Table legend: (Time is in decaauts)
 A = Elapsed time spent in this place.
 B = Non-inter-level travel time spent in this place.
 C = Inter-level travel time spent in this place.
 D = Time resting spent in this place.
 E = Time spent auto-exploring this place.
 F = Levels seen in this place.
 G = Mean time per level.
                   A        B        C        D        E       F      G
               +--------+--------+--------+--------+--------+-----+--------+
         Total |   2806 |   2750 |     56 |    358 |   1906 |   3 |  935.3 |
       Dungeon |   2806 |   2750 |     56 |    358 |   1906 |   3 |  935.3 |
               +--------+--------+--------+--------+--------+-----+--------+

Top non-repeatable levels by time:
     D:2: 1357 daAuts
     D:1: 1277 daAuts
     D:3: 172 daAuts
